 Dungeon Crawl Stone Soup version 0.27-a0-590-g94244163b4 (webtiles) character file.

Game seed: 17462480313828678269

8526 kae the Grappler (level 11, -6/116 HPs)
             Began as a Naga Transmuter on Mar 10, 2021.
             Was a Priest of Cheibriados.
             Mangled by an iguana (12 damage)
             ... on level 10 of the Dungeon.
             The game lasted 00:07:55 (14562 turns).

kae the Grappler (Naga Transmuter)                 Turns: 14562, Time: 00:07:55

Health: -6/116     AC:  7    Str: 22    XL:     11   Next: 32%
Magic:  18/20      EV: 12    Int: 20    God:    Cheibriados [***...]
Gold:   642        SH:  0    Dex: 17    Spells: 9/22 levels left

rFire    x . .     SeeInvis +     - Unarmed
rCold    + + +     Faith    .   (shield currently unavailable)
rNeg     . . .     Spirit   .   (armour currently unavailable)
rPois    +         Reflect  .   (helmet currently unavailable)
rElec    .         Harm     .   (cloak currently unavailable)
rCorr    .         Rampage  .   (gloves currently unavailable)
Will     +....                  (no barding)
Stlth    ++........             (no amulet)
HPRegen  0.29/turn              (no ring)
MPRegen  0.17/turn              (no ring)

@: ice-form, very slow
A: large, see invisible, spit poison 1, AC +3
a: Spit Poison, End Transformation, Renounce Religion, Bend Time, Temporal
Distortion


You were on level 10 of the Dungeon.
You worshipped Cheibriados.
Cheibriados was most pleased with you.
You were a creature of crystalline ice.
You visited 2 branches of the dungeon, and saw 11 of its levels.

You collected 642 gold pieces.

Inventory:

Armour
 a - a +0 robe
 k - a +3 leather armour of willpower (melded)
 t - +0 steam dragon scales
 v - the +1 helmet of Gallantry (melded) {*Corrode Str+8 Int+5}
   (You found it on level 6 of the Dungeon)

   It affects your strength (+8).
   It affects your intelligence (+5).
   It may corrode you when you take damage.
 w - a +1 pair of gloves of strength (melded)
Jewellery
 h - a ring of poison resistance
 n - an amulet of the acrobat
 y - a +4 ring of protection
 B - a ring of resist corrosion
 C - an amulet of guardian spirit
 F - a ring of ice
Wands
 j - a wand of paralysis (8)
 m - a wand of mindburst (13)
 q - a wand of polymorph (13)
 r - a wand of flame (15)
 x - a wand of digging (4)
 D - a wand of iceblast (18)
Scrolls
 s - 5 scrolls of teleportation
 z - a scroll of vulnerability
 A - 2 scrolls of identify
 G - a scroll of enchant armour
Potions
 b - 3 potions of curing
 c - 5 potions of lignification
 d - a potion of degeneration
 e - 2 potions of heal wounds
 f - 4 potions of flight
 g - a potion of brilliance
 i - 2 potions of attraction
 l - 2 potions of haste
 o - a potion of might
 p - a potion of mutation
 u - 2 potions of magic
 E - a potion of cancellation


   Skills:
 + Level 6.2 Fighting
 + Level 5.5 Dodging
 * Level 9.4 Unarmed Combat
 + Level 6.0 Spellcasting
 * Level 9.1 Transmutations
 - Level 4.0 Ice Magic
 - Level 3.0 Poison Magic


You had 9 spell levels left.
You knew the following spells:

 Your Spells              Type           Power      Damage    Failure   Level
a - Beastly Appendage     Tmut           84%        N/A       1%          1
b - Spider Form           Tmut/Pois      15%        N/A       2%          3
c - Ice Form              Ice/Tmut       32%        N/A       7%          4
d - Blade Hands           Tmut           21%        N/A       7%          5

Your spell library contained the following spells:

 Spells                   Type           Power      Damage    Failure   Level
 Wereblood                Tmut           42%        N/A       1%          2
 Foxfire                  Conj/Fire      24%        2x1d5     11%         1
 Conjure Flame            Conj/Fire      6%         6-21      30%         3
 Inner Flame              Hex/Fire       6%         N/A       30%         3
 Sticky Flame             Conj/Fire      6%         2d3       71%         4
 Fireball                 Conj/Fire      3%         3d4       96%         5


Dungeon Overview and Level Annotations

Branches:
Dungeon (10/15)            Temple (1/1) D:5            Lair (0/6) D:9
    Orc (0/2) D:9

Altars:
Ashenzari
Cheibriados
Dithmenos
Elyvilon
Fedhas
Gozag
Hepliaklqana
Kikubaaqudgha
Makhleb
Nemelex Xobeh
Okawaru
Qazlal
Ru
Sif Muna
Trog
Uskayaw
Vehumet
Wu Jian
Xom
Yredelemnul
Zin
The Shining One

Annotations:
D:6 2 transporters, t4s4d4r's ghost, novice DgHu


Innate Abilities, Weirdness & Mutations

((Your serpentine skin is tough. (AC +3)))
You have supernaturally acute eyesight. (SInv)
((Armour fits poorly on your strangely shaped body.))
((Your system is resistant to poisons. (rPois)))
((You cover ground very slowly.))
You can spit poison.
((You have a snake-like lower body.))


Message History

You barely miss the bullfrog. The bullfrog barely misses you.
The yak misses you. The iguana bites you! The yak gores you but does no damage.
The yak gores you.
You punch the yak! You freeze the yak.
The yak is moderately wounded.
The bullfrog hits you but does no damage.
The yak gores you! The iguana bites you. The yak gores you but does no damage.
The yak gores you. The bullfrog barely misses you.
You completely miss the iguana. The bullfrog barely misses you.
The yak barely misses you.
The iguana bites you but does no damage.
The yak misses you. The yak gores you.
You punch the yak! You freeze the yak.
The yak is heavily wounded.
The bullfrog completely misses you.
You pummel the bullfrog!!
The bullfrog seems to slow down.
You freeze the bullfrog.
You kill the bullfrog!
Cheibriados appreciates the change of pace.
The yak barely misses you.
The iguana bites you but does no damage.
The yak gores you. The yak misses you.
You pummel the yak!! You freeze the yak!
You kill the yak!
Cheibriados appreciates the change of pace.
The yak gores you!
* * * LOW HITPOINT WARNING * * *
The iguana barely misses you. The yak gores you!
* * * LOW HITPOINT WARNING * * *
You hit the yak. You freeze the yak.
The yak is heavily wounded.
The yak barely misses you. The iguana bites you.
* * * LOW HITPOINT WARNING * * *
The yak gores you but does no damage.
You hit the yak. You freeze the yak.
The yak is severely wounded.
The yak gores you!
* * * LOW HITPOINT WARNING * * *
The iguana bites you!
You die...

.....#.....###..#.......###
..#..>.......##......#
....................##
#...................#
....................#
.###.............##..#
#........##..###.##
###.......#.#### ###
......YYY.....#
...#..l††...### #.......###
#........# #.#.#...##
#...#..## ###..... #.....


You could see 2 yaks and an iguana.

Vanquished Creatures
  Harold (D:9)
  Fannar (D:9)
  Erica (D:9)
  Pikel (D:9)
  A gargoyle (D:10)
  Maggie (D:8)
  Prince Ribbit (D:7)
  A hornet (D:9)
  Sigmund (D:6)
  A wyvern (D:10)
  4 yaks (D:10)
  4 steam dragons
  A sky beast (D:8)
  2 black bears (D:8)
  2 ogres
  3 ice beasts
  5 orc warriors
  A necrophage (D:9)
  A centaur (D:10)
  2 phantoms
  7 bullfrogs
  A scorpion (D:8)
  5 killer bees (D:7)
  5 wights
  A howler monkey (D:9)
  A quasit (D:5)
  3 bullfrog skeletons
  A hound (D:6)
  2 jellies
  A gnoll shaman (D:9)
  6 orc priests
  2 centaur skeletons
  Jessica (D:3)
  Ijyb (D:2)
  4 worker ants
  An iguana (D:7)
  8 orc wizards
  9 gnolls
  11 adders
  2 shadow imps
  4 white imps
  4 ufetubi
  4 oozes
  2 adder zombies
  An adder skeleton (D:6)
  3 worms
  2 dart slugs
  4 leopard geckos
  33 orcs
  3 ball pythons
  12 giant cockroaches
  5 goblins
  6 hobgoblins
  7 jackals
  6 kobolds
  5 quokkas
  5 bats
  4 frilled lizards
  A jackal skeleton (D:4)
  11 rats
229 creatures vanquished.

Vanquished Creatures (others)
  14 fungi (D:5)
14 creatures vanquished.

Grand Total: 243 creatures vanquished

Notes
Turn   | Place    | Note
-------+----------+-------------------------------------------
     0 | D:1      | kae the Naga Transmuter began the quest for the Orb.
     0 | D:1      | Reached XP level 1. HP: 18/18 MP: 3/3
   410 | D:1      | Reached XP level 2. HP: 25/25 MP: 3/5
   858 | D:1      | Reached XP level 3. HP: 27/31 MP: 4/6
   862 | D:1      | Learned a level 3 spell: Spider Form
  1324 | D:2      | Reached XP level 4. HP: 38/38 MP: 5/7
  1400 | D:2      | Reached skill level 1 in Poison Magic
  2045 | D:2      | Found a shimmering altar of Xom.
  2047 | D:2      | Found a shimmering altar of Xom.
  2047 | D:2      | Found a shimmering altar of Xom.
  2047 | D:2      | Found a shimmering altar of Xom.
  2660 | D:3      | Noticed Ijyb
  2681 | D:2      | Paralysed by Ijyb for 3 turns
  2686 | D:2      | Killed Ijyb
  2687 | D:2      | Reached XP level 5. HP: 23/45 MP: 3/8
  3402 | D:3      | You fall into a shaft and drop 3 floors!
  3479 | D:5      | Entered Level 5 of the Dungeon
  4235 | D:3      | Reached XP level 6. HP: 35/52 MP: 9/9
  4444 | D:3      | Noticed Jessica
  4450 | D:3      | Killed Jessica
  5835 | D:5      | Reached XP level 7. HP: 51/61 MP: 7/11
  6124 | D:5      | Found a staircase to the Ecumenical Temple.
  6555 | Temple   | Entered the Ecumenical Temple
  6684 | D:5      | Reached skill level 5 in Unarmed Combat
  7149 | D:5      | Noticed a steam dragon
  7154 | D:5      | Noticed a steam dragon
  7161 | D:5      | Killed a steam dragon
  7169 | D:5      | Killed a steam dragon
  7170 | D:5      | Reached XP level 8. HP: 62/69 MP: 10/13
  7648 | D:6      | Found a transporter.
  7648 | D:6      | Noticed t4s4d4r's ghost (novice DgHu)
  7651 | D:6      | Found a transporter.
  7780 | D:6      | Reached skill level 5 in Transmutations
  8030 | D:6      | Noticed Sigmund
  8039 | D:6      | Killed Sigmund
  8041 | D:6      | Identified the +1 helmet of Gallantry {*Corrode Str+8
                  | Int+5}
  8824 | D:6      | Learned a level 4 spell: Ice Form
  8830 | D:6      | Learned a level 5 spell: Blade Hands
  9016 | D:7      | Reached skill level 1 in Ice Magic
  9403 | D:7      | Found a snail-covered altar of Cheibriados.
  9442 | D:7      | Reached XP level 9. HP: 64/78 MP: 9/15
  9463 | D:7      | Became a worshipper of Cheibriados the Contemplative
 10139 | D:7      | Noticed Prince Ribbit
 10150 | D:7      | Killed Prince Ribbit
 10919 | D:7      | Reached * piety under Cheibriados
 11906 | D:8      | Reached XP level 10. HP: 87/87 MP: 17/17
 11917 | D:8      | Reached ** piety under Cheibriados
 12072 | D:8      | Noticed Maggie
 12081 | D:8      | Killed Maggie
 12198 | D:8      | Reached skill level 5 in Fighting
 12482 | D:9      | Found a staircase to the Orcish Mines.
 12495 | D:9      | Found a staircase to the Lair.
 12564 | D:9      | Noticed Harold
 12587 | D:9      | Killed Harold
 12588 | D:9      | Reached skill level 5 in Spellcasting
 12970 | D:9      | Noticed Erica
 12980 | D:9      | Killed Erica
 12981 | D:9      | Reached skill level 5 in Dodging
 13220 | D:9      | Noticed Pikel
 13228 | D:9      | HP: 1/105 [lemure[Pikel] (6)]
 13229 | D:9      | Killed Pikel
 13934 | D:10     | Entered Level 10 of the Dungeon
 13934 | D:10     | Noticed Fannar
 13946 | D:9      | Killed Fannar
 13947 | D:9      | Reached XP level 11. HP: 85/97 MP: 15/19
 14484 | D:10     | Reached *** piety under Cheibriados
 14562 | D:10     | Mangled by an iguana

Illustrated notes

Levels and vault maps discovered:
D:1:      dpeg_arrival_solitude, layout_rooms, serial_park_tiny_1
D:2:      layout_basic, xom_redecorated
D:3:      minmay_roachtagon, layout_rooms, lightli_corner_chamber, uniq_ijyb,
          uniq_jessica
D:4:      layout_gridville
D:5:      kennysheep_steamy, layout_layer_cave, minmay_temple_entry_waves
D:6:      layout_layer_cave, gammafunk_ghost_arena, uniq_sigmund
D:7:      layout_gridville, lemuel_round_altar, uniq_prince_ribbit1
D:8:      layout_rooms, uniq_maggie
D:9:      layout_long_grid, lair_entry_dummy, orc_0_dummy, uniq_harold,
          uniq_erica, uniq_pikel
D:10:     layout_cave_pools, zaba_anthell, uniq_fannar
Temple:   grunt_wide_crystal_templ

Skill      XL: |  1  2  3  4  5  6  7  8  9 10 11 |
---------------+----------------------------------+-----
Dodging        | 2 3 4 5 |  5.5
Poison Magic   | 1 2 3 |  3.0
Fighting       | 2 3 4 6 |  6.2
Transmutations | 3 4 5 7 8 9 |  9.1
Unarmed Combat | 4 5 6 7 9 |  9.4
Spellcasting   | 3 4 5 6 |  6.0
Ice Magic      | 1 4 |  4.0

Action                   |  1- 3 |  4- 6 |  7- 9 | 10-12 || total
-------------------------+-------+-------+-------+-------++-------
Melee: Unarmed           |    41 |   249 |   285 |   152 ||   727
       Headbutt          |     6 |     4 |       |       ||    10
       Punch             |     1 |       |       |       ||     1
 Cast: Beastly Appendage |    13 |    17 |       |       ||    30
       Spider Form       |       |    20 |    34 |     2 ||    56
       Ice Form          |       |       |     5 |    14 ||    19
       Blade Hands       |       |       |       |     1 ||     1
 Abil: Spit Poison       |    25 |    27 |    15 |     2 ||    69
Evoke: Wand              |       |       |     1 |       ||     1
  Use: Scroll            |     1 |     9 |       |     9 ||    19
       Potion            |       |     1 |       |       ||     1
 Stab: Paralysed         |       |       |     4 |       ||     4
       Sleeping          |       |       |     1 |       ||     1
Armor: Robe              |     7 |    31 |       |       ||    38
       Skin              |       |     6 |    33 |    24 ||    63
       Leather armour    |       |       |    17 |     9 ||    26
Dodge: Dodged            |    15 |   178 |   250 |   164 ||   607

Table legend: (Time is in decaauts)
 A = Elapsed time spent in this place.
 B = Non-inter-level travel time spent in this place.
 C = Inter-level travel time spent in this place.
 D = Time resting spent in this place.
 E = Time spent auto-exploring this place.
 F = Levels seen in this place.
 G = Mean time per level.
                   A        B        C        D        E       F      G
               +--------+--------+--------+--------+--------+-----+--------+
         Total |  17694 |  17193 |    501 |   1686 |  13652 |  11 | 1608.5 |
       Dungeon |  17583 |  17104 |    479 |   1686 |  13565 |  10 | 1758.3 |
        Temple |    110 |     88 |     22 |      0 |     87 |   1 |  110.0 |
               +--------+--------+--------+--------+--------+-----+--------+

Top non-repeatable levels by time:
     D:7: 3292 daAuts
     D:5: 2769 daAuts
     D:9: 2357 daAuts
     D:6: 1911 daAuts
     D:2: 1703 daAuts
     D:4: 1503 daAuts
     D:3: 1312 daAuts
     D:1: 1275 daAuts
     D:8: 1166 daAuts
    D:10: 291 daAuts
  Temple: 110 daAuts
